 Dungeon Crawl Stone Soup version 0.30-a0-900-g23479c02f2 (webtiles) character file.

Game seed: 12085225686132418132

35 jlumianski the Trooper (level 3, 0/29 HPs)
             Began as a Demonspawn Fighter on Mar 18, 2023.
             Slain by a gnoll bouda
             ... wielding a +0 whip
              (2 damage)
             ... on level 4 of the Dungeon.
             The game lasted 00:02:23 (732 turns).

jlumianski the Trooper (Demonspawn Fighter)          Turns: 732, Time: 00:02:24

Health: 0/29       AC:  7    Str: 18    XL:     3   Next: 16%
Magic:  3/3        EV:  9    Int: 11    God:
Gold:   42         SH:  4    Dex: 12    Spells: 2/2 levels left

rFire   . . .      SeeInvis .    a - +0 war axe (freeze)
rCold   . . .      Faith    .    c - +0 buckler
rNeg    . . .      Spirit   .    b - +0 scale mail
rPois   .          Reflect  .    (no helmet)
rElec   .          Rampage  .    (no cloak)
rCorr   .                        j - +0 pair of gloves
Will    .....                    (no boots) Stlth
                                 (no amulet)
HPRegen 0.24/turn                (no ring)
MPRegen 0.08/turn                (no ring)

@: no status effects
A: ignite blood 1, big brain 1
a: no special abilities


You were on level 4 of the Dungeon.
You visited 1 branch of the dungeon, and saw 4 of its levels.

You collected 42 gold pieces.

Inventory:

Hand Weapons
 a - a +0 war axe of freezing (weapon)
Missiles
 e - 2 throwing nets (quivered)
 f - 6 stones
Armour
 b - a +0 scale mail (worn)
 c - a +0 buckler (worn)
 j - a +0 pair of gloves (worn)
Potions
 d - a potion of might


   Skills:
 + Level 3.2 Fighting
 + Level 2.1 Axes
 + Level 3.1 Armour
 + Level 0.7 Dodging
 + Level 3.0 Shields


You had 2 spell levels left.
You didn't know any spells.
Your spell library was empty.

Dungeon Overview and Level Annotations

Branches:
Dungeon (4/15)
 Temple: D:4-7

Altars:


Innate Abilities, Weirdness & Mutations

Your demonic aura sometimes causes spilled blood to erupt in flames.
You have an unusually large brain. (Int +2)


Message History

As you read the scroll labelled UCLONA CUSEL, it crumbles to dust.
It is a scroll of brand weapon.
Your +0 war axe is covered with a thin layer of ice!
a - a +0 war axe of freezing (weapon)
Okay, then.
Your surroundings suddenly seem different.
Found 13 gold pieces and a black potion.
Found an escape hatch in the floor.
You now have 31 gold pieces (gained 2).
You now have 42 gold pieces (gained 11).
g - a black potion
Found a stone staircase leading down.
It was a potion of attraction.
You feel attractive to monsters.
There is a stone staircase leading down here.
You climb downwards.
The gnoll shouts! x4
The gnoll is attracted toward you.
The gnoll bouda is attracted toward you.
The gnoll is attracted toward you. x3
There is a stone staircase leading up here.
You closely miss the gnoll. You closely miss the gnoll bouda.
The gnoll bouda barks out a call to the hunt!
The gnolls pick up the pace!
The gnoll hits you with a +0 flail.
You feel less attractive to monsters.
You closely miss the gnoll. You slash the gnoll! You freeze the gnoll.
You hit the gnoll bouda. You freeze the gnoll bouda. You barely miss the gnoll.
The gnoll barely misses you. x2; You block the gnoll bouda's attack.
The gnoll closely misses you. The gnoll hits you with a +0 flail.
The gnoll hits you with a +0 whip.
You barely miss the gnoll. You hit the gnoll. You freeze the gnoll.
You hit the gnoll bouda but do no damage.
You closely miss the gnoll.
The gnoll bouda calls upon its god to heal the gnoll.
The gnoll is healed somewhat.
You block the gnoll's attack. The gnoll completely misses you.
The gnoll hits you with a +0 flail. The gnoll hits you with a +0 flail!
* * * LOW HITPOINT WARNING * * *
The gnoll bouda hits you with a +0 whip.
You die...

#........
##........
#.........
##.........
#..........
#..........
##...g......
#...@g......
#..ggg......
#...........
.............
###...ยง.......
##.......###
#########


You could see a gnoll bouda and 4 gnolls.

Vanquished Creatures
  An adder (D:2)
  2 worms
  3 ball pythons
  3 bats
  3 goblins
  2 hobgoblins
  2 kobolds
  A frilled lizard (D:1)
  3 rats
20 creatures vanquished.

Notes
Turn   | Place    | Note
-------+----------+-------------------------------------------
     0 | D:1      | jlumianski the Demonspawn Fighter began the quest for the
                  | Orb.
     0 | D:1      | Reached XP level 1. HP: 18/18 MP: 1/1
    98 | D:1      | Gained mutation: You have an unusually large brain. (Int
                  | +2) [demonic ancestry]
    98 | D:1      | Reached XP level 2. HP: 24/24 MP: 2/2
   651 | D:3      | Gained mutation: Your demonic aura sometimes causes spilled
                  | blood to erupt in flames. [demonic ancestry]
   651 | D:3      | Reached XP level 3. HP: 29/29 MP: 3/3
   732 | D:4      | Slain by a gnoll bouda

Illustrated notes

Levels and vault maps discovered:
D:1:      sevenhm_arrival_forest_fort_small_3, layout_loops_ring
D:2:      layout_basic
D:3:      layout_rooms, lemuel_doored_altar
D:4:      layout_cave_pods, grunt_temple_overflow_octagram,
          minmay_temple_entry_grid, serial_shops, nicolae_square_shop

Skill      XL: |  1  2  3 |
---------------+----------+-----
Axes           | 2 |  2.1
Armour         | 3 |  3.1
Shields        | 3 |  3.0
Fighting       | |  3.2
Dodging        | |  0.7

Action                     || total
---------------------------++-------
  Melee: War axe           ||    55
    Use: Scroll            ||     3
         Potion            ||     1
 Armour: Scale mail        ||   141
  Dodge: Dodged            ||   107
  Block: Buckler           ||    54

Table legend: (Time is in decaauts)
 A = Elapsed time spent in this place.
 B = Non-inter-level travel time spent in this place.
 C = Inter-level travel time spent in this place.
 D = Time resting spent in this place.
 E = Time spent auto-exploring this place.
 F = Levels seen in this place.
 G = Mean time per level.
                   A        B        C        D        E       F      G
               +--------+--------+--------+--------+--------+-----+--------+
         Total |    755 |    755 |      0 |      0 |    155 |   4 |  188.8 |
       Dungeon |    755 |    755 |      0 |      0 |    155 |   4 |  188.8 |
               +--------+--------+--------+--------+--------+-----+--------+

Top non-repeatable levels by time:
     D:1: 490 daAuts
     D:2: 155 daAuts
     D:3: 106 daAuts
     D:4: 3 daAuts
